 Dungeon Crawl Stone Soup version 0.17-a0-1324-ga541562 (webtiles) character file.

96265 nubinia the Spry (level 15, -1/76 HPs)
             Began as a Deep Elf Fire Elementalist on June 8, 2015.
             Was the Champion of Vehumet.
             Slain by a small abomination (14 damage)
             ... created by a deep elf priest
             ... on level 2 of the Elven Halls on June 9, 2015.
             The game lasted 05:33:36 (34100 turns).

nubinia the Spry (Deep Elf Fire Elementalist)      Turns: 34100, Time: 05:33:37

Health: -1/76      AC: 14    Str:  6    XL:     15   Next: 68%
Magic:  11/37      EV: 26    Int: 24    God:    Vehumet [******]
Gold:   971        SH:  8    Dex: 17    Spells: 14 memorised, 2 levels left

rFire  + . .     SeeInvis .     V - +9 dagger (vamp)
rCold  . . .     Clarity  .     H - +2 robe {rN+}
rNeg   + . .     SustAt   .     O - +3 buckler {rF+}
rPois  .         Gourm    +     u - +1 hat {MR+}
rElec  .         Spirit   .     N - +1 cloak
rCorr  .         Warding  .     S - +1 pair of gloves
rMut   .         Rnd*Tele +     M - +0 pair of boots
MR     ++...                    B - amulet of the gourmand
Stlth  +++++.....               D - +4 ring of slaying
                                C - ring of teleportation

@: stone skin, very slightly contaminated, repel missiles, very resistant to
hostile enchantments, quite stealthy
A: no striking features
a: Renounce Religion, Evoke Teleportation


You were on level 2 of the Elven Halls.
You worshipped Vehumet.
Vehumet was exalted by your worship.
You were completely stuffed.

You visited 5 branches of the dungeon, and saw 24 of its levels.
You also visited: Ice Cave.

You collected 2852 gold pieces.
You spent 1881 gold pieces at shops.

Inventory:

Hand weapons
 a - a +8 quick blade
 b - a +0 blowgun
 e - a +0 hunting sling of evasion
 V - a +9 vampiric dagger (weapon)
Missiles
 g - 21 stones (quivered)
 x - 63 poisoned needles
 T - 8 curare-tipped needles
Armour
 u - a +1 hat of magic resistance (worn)
 H - a +2 robe of positive energy (worn)
 M - a +0 pair of boots (worn)
 N - a +1 cloak (worn)
 O - a +3 buckler of fire resistance (worn)
 S - a +1 pair of gloves (worn)
Jewellery
 m - an uncursed amulet of warding
 v - a +3 ring of strength
 w - an uncursed ring of poison resistance
 A - an uncursed ring of protection from cold
 B - an amulet of the gourmand (around neck)
 C - a ring of teleportation (left hand)
 D - a +4 ring of slaying (right hand)
 X - an uncursed ring of sustain attributes
 Z - an uncursed ring of flight
Magical devices
 E - a wand of digging (16)
 J - a wand of enslavement (6)
 P - a wand of fire (2)
 U - a wand of magic darts (28)
Scrolls
 d - 6 scrolls of enchant armour
 h - 5 scrolls of magic mapping
 i - a scroll of fear
 j - 7 scrolls of remove curse
 p - 4 scrolls of fog
 y - 2 scrolls of holy word
 L - 2 scrolls of teleportation
 Q - a scroll of summoning
 R - 3 scrolls of recharging
Potions
 f - 2 potions of haste
 k - 8 potions of brilliance
 l - 3 potions of magic
 n - 4 potions of flight
 q - 2 potions of berserk rage
 z - 6 potions of curing
 F - a potion of cancellation
 G - 5 potions of heal wounds
 I - 3 potions of might
Comestibles
 c - 19 bread rations
 o - a beef jerky
 r - 19 chunks of flesh
 s - 2 slices of pizza
 t - a meat ration


   Skills:
 + Level 2.7 Fighting
 + Level 2.5 Short Blades
 + Level 4.7 Throwing
 + Level 17.9 Dodging
 + Level 10.4 Stealth
 + Level 2.3 Shields
 + Level 16.3 Spellcasting
 + Level 11.5 Conjurations
 + Level 3.2 Necromancy
 + Level 6.8 Translocations
 + Level 2.8 Transmutations
 + Level 11.3 Fire Magic
 + Level 0.2 Air Magic
 + Level 11.6 Earth Magic
 + Level 0.4 Evocations


You had 2 spell levels left.
You knew the following spells:

 Your Spells              Type           Power        Failure   Level  Hunger
a - Flame Tongue          Conj/Fire      #####        1%          1    None
b - Throw Flame           Conj/Fire      ######       1%          2    None
c - Conjure Flame         Conj/Fire      ######..     1%          3    None
d - Sticky Flame          Conj/Fire      ######..     1%          4    None
f - Fireball              Conj/Fire      ######....   1%          5    #......
g - Stone Arrow           Conj/Erth      ######       1%          3    None
h - Force Lance           Conj/Tloc      ######..     1%          4    None
j - Delayed Fireball      Conj/Fire      N/A          8%          7    ######.
l - Lee's Rapid Deconstr  Erth           ######....   1%          5    #......
m - Bolt of Magma         Conj/Fire/Erth ######....   1%          5    #......
p - Phase Shift           Tloc           ######....   8%          5    #......
r - Repel Missiles        Chrm/Air       ###...       6%          2    None
s - Stoneskin             Trmt/Erth      ######..     1%          2    None
S - Animate Skeleton      Necr           N/A          1%          1    None


Dungeon Overview and Level Annotations

Branches:
Dungeon (9/15)             Temple (0/1) D:7            Lair (8/8) D:9
 Shoals (0/4) Lair:6       Spider (1/4) Lair:3        Slime (0/6) Lair:7
    Orc (4/4) D:9             Elf (2/3) Orc:4

Altars:
Cheibriados
Dithmenos
Elyvilon
Okawaru
Ru
Sif Muna
Trog
Vehumet
Xom
Yredelemnul
The Shining One
Beogh

Shops:
D:5 !   D:6 (   D:7 (   D:9 :   Orc:2 }   Orc:4 *:([   Elf:1 *=(

Annotations:
D:7 asdu's ghost, experienced VSBe


Message History

The small abomination completely misses you.
The deep elf mage mumbles some strange words.
The deep elf mage blinks!
You closely miss the small abomination.
The small abomination is severely damaged.
The small abomination hits you.
* * * LOW HITPOINT WARNING * * *
The small abomination completely misses you.
You barely miss the small abomination.
The small abomination is severely damaged.
The small abomination misses you.
The deep elf conjurer points at you and mumbles some strange words.
The bolt of negative energy hits the small abomination.
The small abomination completely resists.
The bolt of negative energy misses you.
You hit the small abomination but do no damage.
The small abomination is severely damaged.
The deep elf mage mumbles some strange words.
The deep elf mage blinks!
The small abomination hits you!
You die...

(......#
#.# #.##
###.....#
.......##
#.####.#
###...#
........#
#'e...#
###..#
........##
#...ยง.#
###
.........#
#.....#
#'########
#.....#
>........#
##{ee##
.....)..##
##x##
...)...(#
#@#
.......#+
#.#
....<..#
#.#
###+####
#.# #+#


You could see a deep elf conjurer, a deep elf priest, a deep elf mage and a
small abomination.

Vanquished Creatures
  Gastronok (Lair:2)
  An orc warlord (Orc:4)
  A death ooze (Lair:8)
  A deep elf death mage (Elf:1)
  Josephine (Lair:7)
  Harold (Lair:2)
  2 catoblepae
  8 hydras
  Erica (Lair:2)
  2 dancing weapons (Elf:2)
  11 death yaks
  Urug (Orc:2)
  2 orc high priests
  4 deep elf knights
  An ice devil (IceCv)
  3 ice statues (IceCv)
  3 deep elf summoners (Elf:1)
  A lindwurm (Lair:7)
  An orc knight (Orc:4)
  4 necromancers
  3 orc sorcerers
  A wolf spider (Lair:8)
  3 orb spiders (Spider:1)
  7 deep elf conjurers
  3 hornets
  16 elephants
  A guardian serpent (Lair:8)
  18 spiny frogs
  The ghost of Fluffy the Cudgeler, an experienced GrFi of Okawaru (D:6)
  9 black mambas
  2 demonic crawlers
  9 komodo dragons
  7 fire drakes
  6 deep elf priests
  5 jumping spiders (Spider:1)
  2 trolls (Orc:4)
  6 blue devils (IceCv)
  Grinder (D:6)
  11 blink frogs
  2 trapdoor spiders
  Sigmund (D:4)
  2 wyverns
  2 large abominations (Elf:1)
  12 deep elf magi
  9 deep elf fighters
  A redback (Lair:8)
  16 yaks
  A tarantella (shapeshifter) (Elf:1)
  4 humans (Lair:7)
  A basilisk (Lair:8)
  4 hippogriffs
  A wraith (Lair:7)
  A warg (Orc:2)
  A hungry ghost (D:8)
  A mottled dragon (Lair:8)
  23 water moccasins
  18 porcupines
  Duvessa (D:4)
  25 orc warriors
  5 wasps
  2 swamp drakes (Lair:8)
  8 ogres
  10 spiders
  A phantom (D:8)
  20 crocodiles
  A centaur (D:9)
  A big kobold (D:8)
  An elf zombie (Elf:1)
  A gnoll sergeant (D:9)
  17 giant frogs
  Dowan (D:4)
  4 killer bees (D:8)
  2 scorpions
  A troll skeleton (D:9)
  8 wights
  A spriggan skeleton (D:9)
  A giant frog zombie (D:4)
  An electric eel (Lair:6)
  A crimson imp (D:8)
  A centaur zombie (D:5)
  4 hounds
  2 draconian simulacra (IceCv)
  A gnoll shaman (D:4)
  2 jellies (Lair:7)
  A centaur skeleton (D:9)
  A giant frog skeleton (D:5)
  27 orc wizards
  11 iguanas
  11 worker ants
  26 orc priests
  30 sheep
  A troll simulacrum (IceCv)
  3 polar bear simulacra (Lair:8)
  2 wolf simulacra (Lair:8)
  3 yak simulacra (Lair:8)
  A centaur simulacrum (IceCv)
  A hound skeleton (D:4)
  A worker ant zombie (D:7)
  3 naga simulacra (IceCv)
  3 ogre simulacra (IceCv)
  14 adders
  14 gnolls
  50 river rats
  2 shadow imps
  2 oozes
  An adder zombie (D:5)
  2 adder skeletons
  2 worms
  177 orcs
  A ball python (D:3)
  14 hobgoblins
  17 jackals
  20 kobolds
  6 quokkas
  15 bats
  3 giant cockroaches
  A giant cockroach zombie (D:6)
  11 giant geckos
  A giant gecko skeleton (D:6)
  11 giant newts
  31 goblins
  A jackal skeleton (D:4)
  11 rats
  2 river rat simulacra (Lair:8)
  A bush (Lair:2)
  A butterfly (Lair:2)
  4 fungi
  7 plants
931 creatures vanquished.

Vanquished Creatures (collateral kills)
  A fire dragon (Lair:8)
  3 death yaks
  Sonja (Lair:2)
  A wolf spider (Lair:8)
  2 necromancers
  2 black mambas (Lair:8)
  A spiny frog (Lair:8)
  A komodo dragon (Lair:7)
  A deep elf priest (Elf:1)
  3 wraiths (Lair:7)
  A deep elf mage (Elf:2)
  A deep elf fighter (Elf:1)
  A redback (Lair:3)
  2 humans (Lair:7)
  A wyvern (Lair:7)
  7 yaks
  A steam dragon (Lair:8)
  2 hippogriffs (Lair:8)
  3 water moccasins (Lair:8)
  A swamp drake (Lair:8)
  4 orc warriors
  A wasp (Lair:8)
  A spider (Lair:8)
  An elf zombie (Elf:1)
  4 crocodiles
  2 giant frogs
  3 iguanas (Lair:8)
  A wolf simulacrum (Lair:8)
  A worker ant (Lair:8)
  A sheep (Lair:7)
  18 river rats
  2 oozes (Lair:7)
  18 orcs
  A hobgoblin (Orc:4)
  A butterfly (Lair:2)
95 creatures vanquished.

Vanquished Creatures (others)
  A large abomination (Elf:1)
  A human (Lair:7)
  An orc (Orc:3)
  11 fungi
  12 plants
26 creatures vanquished.

Grand Total: 1052 creatures vanquished

Notes
Turn   | Place    | Note
--------------------------------------------------------------
     0 | D:1      | nubinia the Deep Elf Fire Elementalist began the quest for the Orb.
     0 | D:1      | Reached XP level 1. HP: 10/10 MP: 6/6
   448 | D:1      | Reached XP level 2. HP: 15/15 MP: 0/8
   606 | D:1      | Reached skill level 4 in Fire Magic
   918 | D:1      | Reached XP level 3. HP: 16/19 MP: 10/10
   923 | D:1      | Learned a level 2 spell: Throw Flame
   927 | D:1      | Learned a level 3 spell: Conjure Flame
  1988 | D:2      | Reached XP level 4. HP: 24/24 MP: 9/12
  1994 | D:2      | Learned a level 4 spell: Sticky Flame
  2664 | D:3      | Noticed an ogre
  2687 | D:3      | Killed an ogre
  2687 | D:3      | Reached XP level 5. HP: 28/28 MP: 1/14
  2830 | D:3      | Reached skill level 1 in Short Blades
  3066 | D:3      | Reached skill level 5 in Spellcasting
  3232 | D:3      | Reached XP level 6. HP: 33/33 MP: 8/15
  4181 | D:4      | Reached skill level 5 in Fire Magic
  4674 | D:4      | Found a snail-covered altar of Cheibriados.
  4681 | D:4      | Found a shimmering altar of Xom.
  4682 | D:4      | Found an iron altar of Okawaru.
  4683 | D:4      | Found a radiant altar of Vehumet.
  4685 | D:4      | Found a glowing golden altar of the Shining One.
  4687 | D:4      | Became a worshipper of Vehumet
  4713 | D:4      | Reached skill level 6 in Spellcasting
  4883 | D:4      | Reached XP level 7. HP: 37/37 MP: 15/18
  5183 | D:4      | Noticed Dowan
  5707 | D:4      | Noticed Duvessa
  5723 | D:4      | Killed Duvessa
  5743 | D:4      | Killed Dowan
  5909 | D:4      | Noticed Sigmund
  5922 | D:4      | Reached skill level 1 in Throwing
  5934 | D:4      | Found a basalt altar of Yredelemnul.
  6466 | D:4      | Killed Sigmund
  6476 | D:5      | Entered Level 5 of the Dungeon
  6489 | D:5      | Acquired Vehumet's first power
  6489 | D:5      | Offered knowledge of Sandblast by Vehumet.
  6497 | D:5      | Learned a level 1 spell: Sandblast
  6875 | D:3      | Reached skill level 1 in Fighting
  6883 | D:3      | Reached skill level 7 in Spellcasting
  7061 | D:5      | Found a sacrificial altar of Ru.
  7096 | D:5      | You fall through a shaft for 2 floors!
  7112 | D:7      | Reached XP level 8. HP: 37/43 MP: 8/20
  7239 | D:7      | Found Xub Yph's Antique Weapon Boutique.
  7382 | D:6      | Found a shadowy altar of Dithmenos.
  7502 | D:6      | Noticed Fluffy's ghost (experienced GrFi)
  7569 | D:5      | Found a deep blue altar of Sif Muna.
  7667 | D:5      | Found Yhelodgh's Distillery.
  8040 | D:5      | Offered knowledge of Shock by Vehumet.
  8301 | D:5      | Learned a level 5 spell: Fireball
  8509 | D:6      | Reached skill level 9 in Spellcasting
  8509 | D:6      | Reached XP level 9. HP: 47/47 MP: 20/24
  8521 | D:6      | Found a white marble altar of Elyvilon.
  8916 | D:6      | Found Hadoan's Weapon Boutique.
  9169 | D:6      | Killed Fluffy's ghost
  9169 | D:6      | Reached skill level 10 in Spellcasting
  9331 | D:6      | Noticed Grinder
  9424 | D:6      | Killed Grinder
  9424 | D:6      | Reached XP level 10. HP: 37/52 MP: 23/26
  9481 | D:7      | Found an iron altar of Okawaru.
  9611 | D:7      | Found a staircase to the Ecumenical Temple.
  9675 | D:7      | Noticed asdu's ghost (experienced VSBe)
  9878 | D:8      | Offered knowledge of Stone Arrow by Vehumet.
  9883 | D:8      | Learned a level 3 spell: Stone Arrow
 10280 | D:8      | Acquired Vehumet's second power
 10723 | D:7      | Offered knowledge of Force Lance by Vehumet.
 10736 | D:7      | Learned a level 4 spell: Force Lance
 11009 | D:8      | Found a bloodstained altar of Trog.
 11400 | D:9      | Found a staircase to the Orcish Mines.
 11433 | D:9      | Found Xiek's Book Emporium.
 11646 | D:9      | Acquired Vehumet's third power
 12033 | D:8      | Offered knowledge of Bolt of Magma by Vehumet.
 12040 | D:8      | Learned a level 5 spell: Bolt of Magma
 12503 | D:9      | Found a runed door.
 12742 | D:9      | Found a staircase to the Lair.
 12876 | Orc:1    | Entered Level 1 of the Orcish Mines
 13020 | D:9      | Bought a book of Geomancy for 525 gold pieces
 13023 | D:9      | Learned a level 2 spell: Stoneskin
 13230 | Orc:1    | Reached skill level 1 in Translocations
 13230 | Orc:1    | Reached XP level 11. HP: 56/56 MP: 7/27
 13293 | Lair:1   | Entered Level 1 of the Lair of Beasts
 13301 | Lair:1   | Reached skill level 11 in Spellcasting
 14077 | Lair:1   | Noticed a five-headed hydra
 14144 | Lair:1   | Killed a five-headed hydra
 14144 | Lair:1   | Offered knowledge of Delayed Fireball by Vehumet.
 14157 | Lair:1   | Learned a level 7 spell: Delayed Fireball
 14924 | Lair:2   | Found a frozen archway.
 14933 | IceCv    | Entered an ice cave
 14948 | IceCv    | Noticed an ice devil
 14967 | IceCv    | Killed an ice devil
 14967 | IceCv    | Reached skill level 12 in Spellcasting
 15036 | IceCv    | Noticed an ice statue
 15036 | IceCv    | Noticed an ice statue
 15046 | IceCv    | Killed an ice statue
 15063 | IceCv    | Killed an ice statue
 15146 | IceCv    | Noticed an ice statue
 15156 | IceCv    | Killed an ice statue
 15435 | IceCv    | Noticed a necromancer
 15439 | IceCv    | Killed a necromancer
 15439 | IceCv    | Reached skill level 10 in Fire Magic
 15439 | IceCv    | Reached XP level 12. HP: 59/61 MP: 21/30
 15505 | Lair:2   | Identified a scroll of acquirement
 15506 | Lair:2   | Got a heavily runed hat
 15518 | Lair:2   | Identified the -4 hat of the Lair of Beasts {rC+} (You acquired it on level 2 of the Lair of Beasts)
 15543 | Lair:2   | Noticed Harold
 15552 | Lair:2   | Killed Harold
 15638 | Lair:2   | Noticed Sonja
 15665 | Lair:2   | Noticed Gastronok
 15813 | Lair:2   | Noticed an eight-headed hydra
 15937 | Lair:2   | Killed an eight-headed hydra
 16096 | Lair:2   | Killed Gastronok
 16096 | Lair:2   | Reached skill level 10 in Earth Magic
 16131 | Lair:2   | Noticed Erica
 16404 | Lair:2   | Killed Sonja
 16797 | Lair:2   | Killed Erica
 16797 | Lair:2   | Reached skill level 13 in Spellcasting
 17016 | Lair:2   | Noticed an eight-headed hydra
 17026 | Lair:2   | Killed an eight-headed hydra
 17026 | Lair:2   | Reached skill level 10 in Conjurations
 17334 | Lair:3   | Found a hole to the Spider Nest.
 18020 | Lair:1   | Learned a level 5 spell: Lee's Rapid Deconstruction
 18103 | Lair:3   | Noticed a catoblepas
 18122 | Lair:3   | Killed a catoblepas
 18394 | Lair:3   | Upgraded the game from 0.17-a0-1311-gbcbd859 to 0.17-a0-1324-ga541562
 18447 | Lair:4   | Offered knowledge of Poisonous Cloud by Vehumet.
 18545 | Lair:4   | Noticed a five-headed hydra
 18550 | Lair:4   | Killed a five-headed hydra
 18550 | Lair:4   | Reached XP level 13. HP: 66/66 MP: 16/32
 20198 | Lair:5   | Reached skill level 1 in Transmutations
 20208 | Lair:5   | Reached skill level 14 in Spellcasting
 20822 | Lair:5   | Reached skill level 10 in Stealth
 21474 | Lair:6   | Learned a level 1 spell: Animate Skeleton
 22161 | Lair:6   | Found a staircase to the Shoals.
 22273 | Lair:5   | Reached skill level 1 in Shields
 22712 | Orc:2    | Offered knowledge of Freezing Cloud by Vehumet.
 22775 | Orc:2    | Found Diamaukk's Gadget Boutique.
 23238 | Orc:2    | Noticed Urug
 23241 | Orc:2    | Killed Urug
 23613 | Orc:3    | Found a roughly hewn altar of Beogh.
 23763 | Orc:3    | Learned a level 2 spell: Repel Missiles
 23867 | Orc:3    | Found a roughly hewn altar of Beogh.
 24292 | Orc:4    | Entered Level 4 of the Orcish Mines
 24293 | Orc:4    | Offered knowledge of Spellforged Servitor by Vehumet.
 24398 | Orc:4    | Found a staircase to the Elven Halls.
 24451 | Orc:4    | Reached skill level 10 in Dodging
 24682 | Orc:4    | Found a roughly hewn altar of Beogh.
 24784 | Orc:4    | Found a roughly hewn altar of Beogh.
 24793 | Orc:4    | Found Uguacwy's Book Shop.
 24921 | Orc:4    | Found a roughly hewn altar of Beogh.
 24921 | Orc:4    | Found Pajur's Assorted Antiques.
 25102 | Orc:4    | Found a roughly hewn altar of Beogh.
 25180 | Orc:4    | Found a roughly hewn altar of Beogh.
 25263 | Orc:4    | Noticed an orc warlord
 25557 | Orc:4    | Killed an orc warlord
 25850 | Orc:4    | Found a roughly hewn altar of Beogh.
 25850 | Orc:4    | Found Ten Etwo's Antique Armour Shop.
 25853 | Orc:4    | Found Zerattea's Antique Weapon Boutique.
 26041 | Orc:4    | Bought a pair of embroidered gloves for 103 gold pieces
 26046 | Orc:4    | Bought a shiny helmet for 103 gold pieces
 26059 | Orc:4    | Bought a glowing helmet for 103 gold pieces
 26080 | Orc:4    | Bought an embroidered hat for 92 gold pieces
 26091 | Orc:4    | Bought a shiny buckler for 103 gold pieces
 26339 | Lair:5   | Reached XP level 14. HP: 72/72 MP: 17/34
 26979 | Lair:5   | Offered knowledge of Bolt of Cold by Vehumet.
 27108 | Lair:6   | Reached skill level 15 in Dodging
 27473 | Lair:7   | Reached skill level 16 in Dodging
 27792 | Lair:7   | Reached skill level 17 in Dodging
 27876 | Lair:7   | Noticed Josephine
 27883 | Lair:7   | Killed Josephine
 27883 | Lair:7   | Reached skill level 1 in Necromancy
 28025 | Lair:7   | Found a staircase to the Slime Pits.
 28484 | Lair:8   | Entered Level 8 of the Lair of Beasts
 28673 | Lair:8   | Offered knowledge of Conjure Ball Lightning by Vehumet.
 29054 | Lair:8   | Got a smoking mace
 29055 | Lair:8   | Identified the +7 mace of Rubbish {antimagic, -Tele MP+9 Str+2} (You found it on level 8 of the Lair of Beasts)
 29328 | Lair:8   | Reached skill level 15 in Spellcasting
 29359 | Lair:8   | Reached skill level 5 in Translocations
 29922 | Lair:8   | Offered knowledge of Ozocubu's Refrigeration by Vehumet.
 29926 | Lair:8   | Reached XP level 15. HP: 47/76 MP: 16/36
 30834 | Lair:1   | Learned a level 5 spell: Phase Shift
 30896 | Spider:1 | Entered Level 1 of the Spider Nest
 31729 | Elf:1    | Entered Level 1 of the Elven Halls
 32285 | Elf:1    | Identified Cigotuvi's Catalogue of Evil Rituals
 32341 | Elf:1    | Found Fifided's Antique Weapon Boutique.
 32358 | Elf:1    | Bought a glowing quick blade for 420 gold pieces
 33086 | Elf:1    | Found Gestorapt's Jewellery Boutique.
 33100 | Elf:1    | Bought a cursed amulet of the gourmand for 432 gold pieces
 33258 | Elf:1    | Found Xayt's Assorted Antiques.
 33621 | Elf:1    | Offered knowledge of Fire Storm by Vehumet.
 33621 | Elf:1    | Offered knowledge of Glaciate by Vehumet.
 33621 | Elf:1    | Offered knowledge of Shatter by Vehumet.
 34038 | Elf:2    | Found a runed gate.
 34038 | Elf:2    | Found a runed gate.
 34039 | Elf:2    | Found a runed gate.
 34100 | Elf:2    | Slain by a small abomination

Vault maps used:
D:1:      dpeg_arrival_tiny_i, minmay_misc_feat_five
D:4:      lemuel_doored_altar, minitemple, first_bread,
          nicolae_underground_beach, uniq_sigmund, uniq_duvessa
D:5:      overflow_temple_1_default, basic_altar, serial_shops,
          kennysheep_mini_moat
D:6:      elyvilon_altar_5, overflow_temple_1_default, serial_shops, shop,
          uniq_grinder
D:7:      minmay_temple_entry_glassed_door, serial_shops, shop, basic_altar
D:8:      bloody_trog
D:9:      nicolae_overflow_hidden_temple, dpeg_lair_monsters, david_orc_3,
          serial_shops, nicolae_shop_competitors_out_of_business,
          hangedman_tell_no_tales
Lair:2:   serial_forest, infiniplex_forest_zigzag_2, infiniplex_forest_zigzag_1,
          infiniplex_forest_straight_5, infiniplex_forest_clump_medium,
          infiniplex_forest_straight_1, infiniplex_forest_lined_2,
          infiniplex_forest_lined_ring, infiniplex_forest_zigzag_1,
          infiniplex_forest_side_room, lab_entry_generic,
          portal_ice_cave_entry_pillars_01, hibernation_bobbens,
          lemuel_fruit_fields, lemuel_fruit_fields, uniq_gastronok, uniq_harold,
          uniq_sonja, uniq_erica
Lair:3:   spider_nest_entry_a, pond, grunt_megastairs_2, serial_bayou_shore_a,
          lemuel_fruit_fields
Lair:4:   infiniplex_staircase_pool_2
Lair:5:   lemuel_old_faithful
Lair:6:   minmay_shoals_entry_hut
Lair:7:   slaughterhouse, nicolae_slime_entry_slimehenge, patterned_corridor,
          uniq_josephine
Lair:8:   hangedman_lair_tendril_chambers, guppyfry_lair_end_dragon,
          eino_house_with_fridge
Spider:1: guppyfry_wasp_nest
Orc:2:    serial_shops, shop, lightli_orcish_oven, uniq_urug
Orc:3:    basic_altar, nicolae_orc_pool_cavern, library_closet,
          bh_open_orc_temple
Orc:4:    grunt_orc_community_town_hall, grunt_orc_community_big_house_1,
          grunt_orc_community_big_house_2, grunt_orc_community_house_2,
          grunt_orc_community_house_3, grunt_orc_community_house_1,
          grunt_orc_community_house_1
Elf:1:    elf_arrival_001, serial_shops, shop,
          nicolae_shop_competitors_out_of_business, shop, minmay_elf_necromancy,
          minivault_27
Elf:2:    st_stairs_4
IceCv:    ice_cave_tombish

Action                   |  1- 3 |  4- 6 |  7- 9 | 10-12 | 13-15 || total
-------------------------+-------+-------+-------+-------+-------++-------
Melee: Dagger            |    53 |    88 |    53 |    85 |  1031 ||  1310
       Quick blade       |       |       |       |       |    29 ||    29
 Fire: Blowgun           |       |     4 |    35 |    91 |   119 ||   249
       Hunting sling     |       |       |       |     2 |    67 ||    69
 Cast: Flame Tongue      |    52 |    57 |    75 |   238 |   180 ||   602
       Throw Flame       |     7 |    46 |    62 |   202 |    60 ||   377
       Conjure Flame     |       |     1 |     6 |     5 |     3 ||    15
       Sticky Flame      |       |       |     2 |    42 |    80 ||   124
       Fireball          |       |       |     3 |    35 |   115 ||   153
       Force Lance       |       |       |       |    43 |    65 ||   108
       Sandblast         |       |       |       |     4 |    10 ||    14
       Stone Arrow       |       |       |       |     3 |     3 ||     6
       Stoneskin         |       |       |       |    10 |    82 ||    92
       Delayed Fireball  |       |       |       |     2 |     5 ||     7
       Bolt of Magma     |       |       |       |     1 |    14 ||    15
       Animate Skeleton  |       |       |       |       |   198 ||   198
       Lee's Rapid Decon |       |       |       |       |    32 ||    32
       Repel Missiles    |       |       |       |       |     3 ||     3
       Phase Shift       |       |       |       |       |    19 ||    19
 Abil: Release Delayed F |       |       |       |     1 |     6 ||     7
Evoke: Wand              |       |       |       |       |     8 ||     8
  Use: Scroll            |     8 |     4 |    11 |    13 |    16 ||    52
       Potion            |     1 |     1 |     2 |     1 |     6 ||    11
 Stab: Sleeping          |     5 |     2 |    14 |    30 |    34 ||    85
       Distracted        |       |     1 |     3 |     3 |     9 ||    16
       Confused          |       |       |       |       |     1 ||     1
  Eat: Chunk             |     3 |     8 |    15 |    29 |    76 ||   131
       Pizza             |       |     1 |       |     1 |       ||     2
       Beef jerky        |       |       |       |     1 |     1 ||     2
       Fruit             |       |       |       |       |     4 ||     4
       Royal jelly       |       |       |       |       |     2 ||     2
